 Dungeon Crawl Stone Soup version 0.30-a0-341-g682706514a (webtiles) character file.

Game seed: 5412481591277347670

1378 ragingrage the Magician (level 8, -1/62 HPs)
             Began as a Djinni Necromancer on Nov 3, 2022.
             Was an Initiate of Ashenzari.
             Slain by an acid dragon (13 damage)
             ... on level 6 of the Dungeon.
             The game lasted 00:09:29 (5270 turns).

ragingrage the Magician (Djinni Necromancer)        Turns: 5270, Time: 00:09:29

Health: -1/62      AC: -1    Str:  7    XL:     8   Next: 98%
Gold:   423        EV: 13    Int: 19    God:    Ashenzari [......] SH:  4 Dex: 14

rFire   + + .      SeeInvis .    y - +1 dagger (venom)
rCold   x . .      Faith    .    d - +0 buckler
rNeg    . . .      Spirit   .    a - +0 robe
rPois   ∞          Reflect  .    (no helmet)
rElec   .          Harm     .    (no cloak)
rCorr   .          Rampage  .    c - +0 pair of gloves
Will    .....                    (boots unavailable)
Stlth   ++........               b - amulet of the Fated Heresy {Regen+, Evo, Self} (curse)
HPRegen 1.10/turn                (no ring)
MPRegen 0.00/turn                (no ring)

@: brilliant, wereblooded, corroded, animating dead, flying, very slightly
contaminated, studying Throwing
A: sickness immunity, fire resistance 2, cold vulnerability 1, float, innate
caster, HP casting, extra vitality 1
a: Renounce Religion, Curse Item, Shatter the Chains


You were on level 6 of the Dungeon.
You worshipped Ashenzari.
Ashenzari was noncommittal.
You visited 2 branches of the dungeon, and saw 8 of its levels.
You also visited: Sewer.

You collected 423 gold pieces.

Inventory:

Hand Weapons
 y - a +1 dagger of venom (weapon)
Missiles
 p - 10 javelins
 u - 28 poisoned darts
 x - a curare-tipped dart
Armour
 a - a +0 robe (worn)
 c - a +0 pair of gloves (worn)
 d - a +0 buckler (worn)
Jewellery
 b - the cursed amulet of the Fated Heresy (around neck) {Regen+, Evo, Self}
   (You found it on level 1 of the Dungeon)

   [amulet of regeneration]

   Regen:     It increases your rate of health regeneration.
   It has a curse which improves the following skills: Evocations: Evocations.
   Introspection: Fighting and Spellcasting.
Scrolls
 f - 10 scrolls of identify
 g - 3 scrolls of noise
 j - 3 scrolls of teleportation
 r - a scroll of amnesia {unknown}
 s - a scroll of fear
 t - a scroll of enchant weapon {unknown}
 v - a scroll of fog {unknown}
 A - 2 scrolls of blinking
 B - a scroll of enchant armour {unknown}
Potions
 e - 3 potions of curing {unknown}
 h - a potion of degeneration {unknown}
 i - 2 potions of resistance {unknown}
 k - a potion of magic {unknown}
 l - 3 potions of brilliance
 m - a potion of heal wounds {unknown}
 n - 3 potions of flight {unknown}
 o - 3 potions of mutation {unknown}
 q - a potion of attraction {unknown}
 w - 2 potions of might {unknown}
 z - a potion of ambrosia {unknown}


   Skills:
 + Level 5.9(6.3) Fighting
 - Level 3.9 Dodging
 - Level 3.1 Stealth
 - Level 2.0 Shields
 + Level 6.1(6.6) Spellcasting


You had 2 spell levels left.
You knew the following spells:

 Your Spells              Type           Power      Damage    Failure   Level
a - Necrotise             Necr           100%       1d9       1%          1
b - Vampiric Draining     Necr           47%        2d9       2%          3
c - Animate Dead          Necr           47%        N/A       9%          4
d - Agony                 Necr           47%        N/A       26%         5
e - Freeze                Ice            100%       1d10      1%          1
f - Wereblood             Tmut           47%        N/A       1%          2
g - Momentum Strike       Conj/Tloc      94%        3d10      1%          2
Your spell library was empty.

Dungeon Overview and Level Annotations

Branches:
Dungeon (7/15)             Temple (1/1) D:4           Sewer (visited)

Altars:
Ashenzari
Cheibriados
Dithmenos
Elyvilon
Fedhas
Gozag
Hepliaklqana
Nemelex Xobeh
Okawaru
Qazlal
Ru
Uskayaw
Wu Jian
Xom
Zin
The Shining One


Innate Abilities, Weirdness & Mutations

You are immune to sickness and miasma.
You are immune to poison.
Your flesh is very heat resistant. (rF++)
You are vulnerable to cold. (rC-)
You float through the air rather than walking.
You learn spells naturally, not from books.
Your magical power is your life essence.
You have superior vitality. (+4 MHP)


Message History

The acid dragon barely misses you.
There is a stone staircase leading up here.
Casting: Animate Dead (dangerous; 9% risk of failure)
Confirm with . or Enter, or press ? or * to list all spells.
Okay, then.
You closely miss the killer bee. The killer bee barely misses you.
The howler monkey hoots and howls with incredible vigour!
You block the killer bee's attack. The acid dragon spits acid at you.
The splash of acid hits you!! The acid corrodes you!
You hear a shout! x2
Something shouts, "Fly, thou ducking fool-born skainsmate!"
The killer bee barely misses you. The killer bee stings you!
The acid dragon barely misses you. The acid dragon claws you.
You fly upwards.
There is a stone staircase leading down here.
As you read the scroll of fear, it crumbles to dust.
You assume a fearsome visage.
The killer bee looks frightened!
The acid dragon resists with some effort.
The acid dragon bites you.
* * * LOW HITPOINT WARNING * * *
The acid dragon closely misses you.
Okay, then.
It was a potion of brilliance.
You feel clever all of a sudden. The acid dragon bites you.
* * * LOW HITPOINT WARNING * * *
The acid dragon barely misses you.
Okay, then.
Casting: Animate Dead (dangerous; 9% risk of failure)
Confirm with . or Enter, or press ? or * to list all spells.
Aiming: Vampiric Draining (dangerous; 2% risk of failure)
Press: ? - help, Shift-Dir - straight line, f - acid dragon
Aim: an acid dragon (catching its breath)
You feel a surge of power!
You miscast Vampiric Draining.
You are very lightly contaminated with residual magic.
Nothing appears to happen.
* * * LOW HITPOINT WARNING * * *
The acid dragon bites you!
You die...

#..##......
#.Z###.....
##.........
#.>####...
#########..# #..Z
#..........# #.#Z
#.#######.#####.)Z
#.# #........Z #@#
#)#####..Z #D# #)#
#..Z #.# #)# ###Z
#.# #.##### #. #.#
#.)...# #.
#.###########.# #Z
#......Z...##.###Z
##########.##.#.Z.
#.##.#Z##


You could see an acid dragon (catching breath).

Vanquished Creatures
  A black bear (D:4)
  A centaur (D:6)
  4 kobold brigands
  A necrophage (D:6)
  A howler monkey (D:5)
  3 hounds
  4 iguanas
  10 orc wizards
  7 adders
  3 river rats (Sewer)
  A shadow imp (D:5)
  A white imp (D:5)
  4 worms
  4 dart slugs
  17 orcs
  5 ball pythons
  6 endoplasms
  5 giant cockroaches
  3 goblins
  A hobgoblin (D:1)
  6 jackals
  A quokka (D:3)
  5 bats
  A frilled lizard (Sewer)
  8 kobolds
  10 rats
113 creatures vanquished.

Vanquished Creatures (collateral kills)
  A phantom (D:6)
  A jelly (D:6)
  A jackal (Sewer)
  A rat (D:4)
4 creatures vanquished.

Vanquished Creatures (others)
  Sigmund (D:4)
  An orc warrior (D:6)
  A bullfrog (D:4)
  An iguana (D:6)
  A kobold zombie (D:6)
  An adder zombie (D:6)
  4 orc zombies
  34 plants (D:4)
44 creatures vanquished.

Grand Total: 161 creatures vanquished

Notes
Turn   | Place    | Note
-------+----------+-------------------------------------------
     0 | D:1      | ragingrage the Djinni Necromancer began the quest for the
                  | Orb.
     0 | D:1      | ragingrage set off with the following spells memorised:
                  | Necrotise, Vampiric Draining, Animate Dead, Agony.
     0 | D:1      | Reached XP level 1. HP: 15/15 MP: 0/0
   187 | D:1      | Reached XP level 2. HP: 21/21 MP: 0/0
   939 | D:2      | Reached XP level 3. HP: 25/25 MP: 0/0
   939 | D:2      | Learned a level 1 spell: Freeze
  1685 | D:3      | Reached XP level 4. HP: 28/31 MP: 0/0
  1845 | D:3      | Reached XP level 5. HP: 26/35 MP: 0/0
  1845 | D:3      | Learned a level 2 spell: Wereblood
  2200 | D:3      | Reached skill level 4 in Spellcasting
  2412 | D:4      | Found a glowing drain.
  2421 | Sewer    | Entered a sewer
  2464 | Sewer    | Noticed a kobold brigand
  2471 | Sewer    | Killed a kobold brigand
  2472 | Sewer    | Reached skill level 1 in Fighting
  2472 | Sewer    | Reached XP level 6. HP: 42/42 MP: 0/0
  2647 | Sewer    | Reached XP level 7. HP: 49/49 MP: 0/0
  2647 | Sewer    | Learned a level 2 spell: Momentum Strike
  2929 | D:4      | Found a staircase to the Ecumenical Temple.
  2946 | Temple   | Entered the Ecumenical Temple
  3075 | Temple   | Became a worshipper of Ashenzari the Shackled
  3116 | D:4      | Noticed Sigmund
  3329 | D:5      | Entered Level 5 of the Dungeon
  3363 | D:5      | Reached skill level 5 in Spellcasting
  3807 | D:4      | Reached XP level 8. HP: 58/58 MP: 0/0
  4121 | D:4      | Killed Sigmund
  4122 | D:4      | Reached skill level 5 in Fighting
  4526 | D:6      | Reached skill level 1 in Shields
  4759 | D:6      | Reached skill level 6 in Spellcasting
  5270 | D:6      | Slain by an acid dragon

Illustrated notes

Levels and vault maps discovered:
D:1:      elethiomel_arrival_infinity_welcomes_careful_drivers, layout_rooms,
          minmay_tromino_i2
D:2:      layout_loops_corners, supply_closet_lemuel, grunt_decor_one_mirror,
          kennysheep_generic_room_5
D:3:      layout_rooms
D:4:      layout_loops_ring, minmay_temple_entry_overgrown,
          gup_sewer_entry_bubbles, nrook_uturn, serial_bayou_lagoon_a,
          minmay_manual_monstrance, uniq_sigmund
D:5:      lemuel_ice_spiral_2, layout_basic
D:6:      layout_loops_ring
D:7:      layout_basic, nicolae_ossuary_entry_false_entrances, uniq_menkaure,
          uniq_prince_ribbit1
Temple:   compressed_dpeg_triangle_lava_temple

Skill      XL: |  1  2  3  4  5  6  7  8 |
---------------+-------------------------+-----
Stealth        | 2 3 |  3.1
Dodging        | 3 |  3.9
Spellcasting   | 4 5 6 |  6.1
Fighting       | 1 2 4 5 |  5.9
Shields        | 2 |  2.0

Action                   |  1- 3 |  4- 6 |  7- 9 || total
-------------------------+-------+-------+-------++-------
Melee: Whip              |     1 |       |       ||     1
       Short sword       |    10 |    40 |       ||    50
       Dagger            |       |       |   109 ||   109
Throw: Dart              |       |       |     1 ||     1
 Cast: Necrotise         |    62 |    82 |    64 ||   208
       Vampiric Draining |     2 |     3 |    24 ||    29
       Freeze            |       |     2 |     3 ||     5
       Momentum Strike   |       |       |     8 ||     8
       Wereblood         |       |       |     2 ||     2
       Animate Dead      |       |       |     5 ||     5
Invok: Curse Item        |       |       |     1 ||     1
  Use: Scroll            |       |     2 |     5 ||     7
       Potion            |       |       |     1 ||     1
 Stab: Sleeping          |       |     3 |     2 ||     5
       Distracted        |       |       |     1 ||     1
Armor: Robe              |     3 |    13 |    21 ||    37
Dodge: Dodged            |    11 |    42 |    88 ||   141
Block: Buckler           |     3 |     8 |    28 ||    39

Table legend: (Time is in decaauts)
 A = Elapsed time spent in this place.
 B = Non-inter-level travel time spent in this place.
 C = Inter-level travel time spent in this place.
 D = Time resting spent in this place.
 E = Time spent auto-exploring this place.
 F = Levels seen in this place.
 G = Mean time per level.
                   A        B        C        D        E       F      G
               +--------+--------+--------+--------+--------+-----+--------+
         Total |   5275 |   5102 |    173 |    272 |   3757 |   9 |  586.1 |
       Dungeon |   4641 |   4480 |    161 |    266 |   3268 |   7 |  663.0 |
        Temple |    142 |    130 |     12 |      0 |    116 |   1 |  142.0 |
         Sewer |    491 |    491 |      0 |      6 |    373 |   1 |  491.0 |
               +--------+--------+--------+--------+--------+-----+--------+

Top non-repeatable levels by time:
     D:2: 967 daAuts
     D:4: 941 daAuts
     D:6: 800 daAuts
     D:3: 745 daAuts
     D:1: 670 daAuts
     D:5: 502 daAuts
   Sewer: 491 daAuts
  Temple: 142 daAuts
     D:7: 14 daAuts
